EL
MISSISSIPPI BRAVES @ SPRINGFIELD CARDINALS
09/07/2045
 
TOP OF THE 1ST
Mississippi Braves batting - Pitching for Springfield Cardinals : LHP Drew Roemer
Pitching: LHP Drew Roemer
Batting: RHB Edgar Castillo 0-0: Ball
1-0: Swinging Strike
1-1: Swinging Strike
1-2: Foul Ball, location: 2F
1-2: Strikes out swinging
Batting: RHB Riley Nasiir 0-0: Foul Ball, location: 2F
0-1: Ball
1-1: Fly out, F7 (Flyball, 7LS, EV 93.1 MPH)
Batting: RHB Ike Trout 0-0: Foul Ball, location: 2F
0-1: SINGLE (Line Drive, 3D, EV 106.9 MPH)
Batting: RHB Jack Power 0-0: Ball
1-0: Called Strike
Ike Trout steals 2nd base
1-1: Ball
2-1: Called Strike
2-2: Ground out 4-3 (Groundball, 4, EV 92.5 MPH)
Top of the 1st over - 0 runs, 1 hit, 0 errors, 1 left on base; Mississippi 0 - Springfield 0
BOTTOM OF THE 1ST
Springfield Cardinals batting - Pitching for Mississippi Braves : RHP Tim Catalano
Pitching: RHP Tim Catalano
Batting: RHB John Parra 0-0: Foul Ball, location: 2F
0-1: Swinging Strike
0-2: Ball
1-2: Strikes out looking
Batting: LHB Ichiro Toyota 0-0: Called Strike
0-1: Foul Ball, location: 2F
0-2: Ball
1-2: Foul Ball, location: 2F
1-2: Strikes out looking
Batting: LHB Tim Olsen 0-0: Foul Ball, location: 2F
0-1: Called Strike
0-2: SOLO HOME RUN (Flyball, 9D, EV 101.9 MPH), Distance : 384 ft
Batting: RHB Jason Keller 0-0: Ball
1-0: Ground out 4-3 (Groundball, 4M, EV 85.0 MPH)
Bottom of the 1st over - 1 run, 1 hit, 0 errors, 0 left on base; Mississippi 0 - Springfield 1
TOP OF THE 2ND
Mississippi Braves batting - Pitching for Springfield Cardinals : LHP Drew Roemer
Batting: LHB Colin Worthington 0-0: Called Strike
0-1: Foul Ball, location: 2F
0-2: Ball
1-2: Ball
2-2: Foul Ball, location: 2F
2-2: Foul Ball, location: 2F
2-2: Ball
3-2: Foul Ball, location: 2F
3-2: Ground out U3 (Groundball, 3L, EV 106.9 MPH)
Batting: LHB Mark Buchholz 0-0: Ball
1-0: Called Strike
1-1: SINGLE (Groundball, 4MD, EV 97.5 MPH)
Batting: RHB Sung-hwan Jung 0-0: Called Strike
0-1: Ball
1-1: Called Strike
1-2: Ball
2-2: Ball
3-2: Fly out, F8 (Flyball, 8RXD, EV 108.8 MPH)
Batting: LHB Jose Chinchilla 0-0: Ball
1-0: Ball
2-0: Ball
3-0: Called Strike
3-1: Called Strike
3-2: Strikes out swinging
Top of the 2nd over - 0 runs, 1 hit, 0 errors, 1 left on base; Mississippi 0 - Springfield 1
BOTTOM OF THE 2ND
Springfield Cardinals batting - Pitching for Mississippi Braves : RHP Tim Catalano
Batting: RHB Joe Alley 0-0: Ball
1-0: Called Strike
1-1: Ball
2-1: Foul Ball, location: 2F
2-2: Ball
3-2: Base on Balls
Batting: RHB Daniel Samano 0-0: Grounds into double play, 6-4-3 (Groundball, 6S, EV 85.6 MPH)
Batting: RHB Justin Reich 0-0: Foul Ball, location: 2F
0-1: Ball
1-1: Foul Ball, location: 2F
1-2: Ball
2-2: Ball
3-2: Foul Ball, location: 2F
3-2: Strikes out swinging
Bottom of the 2nd over - 0 runs, 0 hits, 0 errors, 0 left on base; Mississippi 0 - Springfield 1
TOP OF THE 3RD
Mississippi Braves batting - Pitching for Springfield Cardinals : LHP Drew Roemer
Batting: RHB Nick Platt 0-0: Ball
1-0: Called Strike
1-1: Swinging Strike
1-2: Strikes out swinging
Batting: RHB Edgar Castillo 0-0: Foul Ball, location: 2F
0-1: Ball
1-1: Ball
2-1: Foul Ball, location: 2F
2-2: Ball
3-2: Strikes out swinging
Batting: RHB Riley Nasiir 0-0: Called Strike
0-1: SINGLE (Groundball, 56D, EV 106.2 MPH)
Batting: RHB Ike Trout 0-0: Ball
1-0: Ball
2-0: Ball
3-0: Called Strike
3-1: Fly out, F7 (Flyball, 7, EV 81.2 MPH)
Top of the 3rd over - 0 runs, 1 hit, 0 errors, 1 left on base; Mississippi 0 - Springfield 1
BOTTOM OF THE 3RD
Springfield Cardinals batting - Pitching for Mississippi Braves : RHP Tim Catalano
Batting: LHB Yeong-hun Joe 0-0: Fly out, F4 (Popup, 34S, EV 75.0 MPH)
Batting: SHB Josh Conner 0-0: Swinging Strike
0-1: Ball
1-1: Ball
2-1: Foul Ball, location: 2F
2-2: Ground out 4-3 (Groundball, 4, EV 86.2 MPH)
Batting: RHB John Parra 0-0: Ball
1-0: Ball
2-0: Called Strike
2-1: Ball
3-1: Called Strike
3-2: Foul Ball, location: 2F
3-2: Base on Balls
Batting: LHB Ichiro Toyota 0-0: SINGLE (Line Drive, 7S, EV 91.2 MPH)
John Parra to second
Batting: LHB Tim Olsen 0-0: Ball
1-0: Ball
2-0: Ball
3-0: Base on Balls
John Parra to third
Ichiro Toyota to second
Batting: RHB Jason Keller 0-0: Foul Ball, location: 2F
0-1: Reached on error, E2 (Groundball, 2R, EV 66.2 MPH)
John Parra scores
Ichiro Toyota scores
Tim Olsen to third
Batting: RHB Joe Alley 0-0: Foul Ball, location: 2F
0-1: Fly out, F6 (Popup, 6S, EV 76.2 MPH)
Bottom of the 3rd over - 2 runs, 1 hit, 1 error, 2 left on base; Mississippi 0 - Springfield 3
TOP OF THE 4TH
Mississippi Braves batting - Pitching for Springfield Cardinals : LHP Drew Roemer
Batting: RHB Jack Power 0-0: Foul Ball, location: 2F
0-1: Swinging Strike
0-2: Ball
1-2: Ground out 4-3 (Groundball, 4S, EV 86.2 MPH)
Batting: LHB Colin Worthington 0-0: Ball
1-0: Called Strike
1-1: Ball
2-1: Foul Ball, location: 2F
2-2: Ball
3-2: Base on Balls
Batting: LHB Mark Buchholz 0-0: Ball
1-0: Foul Ball, location: 2F
1-1: SINGLE (Line Drive, 7LM, EV 105.0 MPH)
Colin Worthington to second
Batting: RHB Sung-hwan Jung 0-0: Ball
1-0: Grounds out, U3 (Groundball, 3L, EV 86.9 MPH)
Colin Worthington to third
Batting: LHB Jose Chinchilla 0-0: Swinging Strike
0-1: Called Strike
0-2: Ball
1-2: Ball
2-2: Foul Ball, location: 2F
2-2: Strikes out swinging
Top of the 4th over - 0 runs, 1 hit, 0 errors, 2 left on base; Mississippi 0 - Springfield 3
BOTTOM OF THE 4TH
Springfield Cardinals batting - Pitching for Mississippi Braves : RHP Tim Catalano
Batting: RHB Daniel Samano 0-0: Called Strike
0-1: Called Strike
0-2: Strikes out swinging
Batting: RHB Justin Reich 0-0: Called Strike
0-1: Foul Ball, location: 2F
0-2: Fly out, F7 (Flyball, 7D, EV 90.6 MPH)
Batting: LHB Yeong-hun Joe 0-0: Ball
1-0: Ball
2-0: Called Strike
2-1: Foul Ball, location: 2F
2-2: Foul Ball, location: 2F
2-2: Ball
3-2: Fly out, F7 (Line Drive, 7D, EV 90.0 MPH)
Bottom of the 4th over - 0 runs, 0 hits, 0 errors, 0 left on base; Mississippi 0 - Springfield 3
TOP OF THE 5TH
Mississippi Braves batting - Pitching for Springfield Cardinals : LHP Drew Roemer
Batting: RHB Nick Platt 0-0: Ball
1-0: Foul Ball, location: 2F
1-1: Ball
2-1: Ball
3-1: Fly out, F8 (Line Drive, 8RD, EV 108.8 MPH)
Batting: RHB Edgar Castillo 0-0: Ball
1-0: Ball
2-0: Called Strike
2-1: Foul Ball, location: 2F
2-2: Foul Ball, location: 2F
2-2: Strikes out swinging
Batting: RHB Riley Nasiir 0-0: Swinging Strike
0-1: Ground out 6-3 (Groundball, 56, EV 76.2 MPH)
Top of the 5th over - 0 runs, 0 hits, 0 errors, 0 left on base; Mississippi 0 - Springfield 3
BOTTOM OF THE 5TH
Springfield Cardinals batting - Pitching for Mississippi Braves : RHP Tim Catalano
Batting: SHB Josh Conner 0-0: Called Strike
0-1: Ball
1-1: SINGLE (Groundball, 4D, EV 94.4 MPH)
Batting: RHB John Parra 0-0: SINGLE (Groundball, 4M, EV 111.2 MPH)
Josh Conner to second
Batting: LHB Ichiro Toyota 0-0: Ball
1-0: Called Strike
1-1: Foul Ball, location: 2F
1-2: SINGLE (Line Drive, 56D, EV 98.8 MPH)
Josh Conner to third
John Parra to second
Batting: LHB Tim Olsen 0-0: Called Strike
0-1: Swinging Strike
0-2: Ball
1-2: Ball
2-2: Strikes out looking
Batting: RHB Jason Keller 0-0: Swinging Strike
0-1: Ball
1-1: Called Strike
1-2: Ball
2-2: Grounds into fielders choice 4-2 (Groundball, 4, EV 84.4 MPH)
John Parra to third
Ichiro Toyota to second
Batting: RHB Joe Alley 0-0: Ball
1-0: Ball
2-0: Foul Ball, location: 2F
2-1: Foul Ball, location: 2F
2-2: Ball
Wild Pitch!
John Parra scores
Ichiro Toyota to third
Jason Keller to second
3-2: Strikes out looking
Bottom of the 5th over - 1 run, 3 hits, 0 errors, 2 left on base; Mississippi 0 - Springfield 4
TOP OF THE 6TH
Mississippi Braves batting - Pitching for Springfield Cardinals : LHP Drew Roemer
Batting: RHB Ike Trout 0-0: Foul Ball, location: 2F
0-1: Called Strike
0-2: Ball
1-2: Strikes out swinging
Batting: RHB Jack Power 0-0: Called Strike
0-1: Ground out U3 (Groundball, 34S, EV 86.2 MPH)
Batting: LHB Colin Worthington 0-0: SOLO HOME RUN (Flyball, 7D, EV 97.5 MPH), Distance : 374 ft
Batting: LHB Mark Buchholz 0-0: Ball
1-0: Ball
2-0: Ball
3-0: Called Strike
3-1: Foul Ball, location: 2F
3-2: Foul Ball, location: 2F
3-2: Strikes out swinging
Top of the 6th over - 1 run, 1 hit, 0 errors, 0 left on base; Mississippi 1 - Springfield 4
BOTTOM OF THE 6TH
Springfield Cardinals batting - Pitching for Mississippi Braves : RHP Tim Catalano
Batting: RHB Daniel Samano 0-0: Ball
1-0: Ball
2-0: Swinging Strike
2-1: Foul Ball, location: 2F
2-2: Ball
3-2: Foul Ball, location: 2F
3-2: Foul Ball, location: 2F
3-2: Foul Ball, location: 2F
3-2: Ground out 6-3 (Groundball, 6, EV 78.8 MPH)
Pitching: RHP Marko Martin
Batting: RHB Justin Reich 0-0: Ball
1-0: Ball
2-0: Ball
3-0: Called Strike
3-1: DOUBLE (Flyball, 8RD, EV 88.8 MPH)
Batting: LHB Yeong-hun Joe 0-0: Called Strike
0-1: Fly out, F8 (Flyball, 78D, EV 103.8 MPH)
Batting: SHB Josh Conner 0-0: Ball
1-0: Swinging Strike
1-1: Called Strike
1-2: Ball
2-2: Ground out 4-3 (Groundball, 4, EV 77.5 MPH)
Bottom of the 6th over - 0 runs, 1 hit, 0 errors, 1 left on base; Mississippi 1 - Springfield 4
TOP OF THE 7TH
Mississippi Braves batting - Pitching for Springfield Cardinals : LHP Drew Roemer
Pitching: RHP El-Shamy Saami
Batting: RHB Sung-hwan Jung 0-0: Fly out, F8 (Flyball, 89D, EV 76.9 MPH)
Batting: LHB Jose Chinchilla 0-0: DOUBLE (Line Drive, 7LM, EV 96.9 MPH)
Batting: RHB Nick Platt 0-0: Called Strike
0-1: Ball
1-1: Ball
Jose Chinchilla steals 3rd base
2-1: Called Strike
2-2: Strikes out swinging
Batting: RHB Edgar Castillo 0-0: Ball
1-0: Called Strike
1-1: Ball
2-1: Foul Ball, location: 2F
2-2: Ball
3-2: Foul Ball, location: 2F
3-2: SINGLE (Line Drive, 6M, EV 96.9 MPH)
Jose Chinchilla scores
Batting: RHB Riley Nasiir 0-0: Called Strike
0-1: Swinging Strike
0-2: Strikes out looking
Top of the 7th over - 1 run, 2 hits, 0 errors, 1 left on base; Mississippi 2 - Springfield 4
BOTTOM OF THE 7TH
Springfield Cardinals batting - Pitching for Mississippi Braves : RHP Marko Martin
Batting: RHB John Parra 0-0: Ball
1-0: Ball
2-0: Foul Ball, location: 2F
2-1: Fly out, F9 (Flyball, 9D, EV 91.2 MPH)
Batting: LHB Ichiro Toyota 0-0: Ball
1-0: SINGLE (Groundball, 4M, EV 100.6 MPH) (infield hit)
Batting: LHB Tim Olsen 0-0: Ball
1-0: Called Strike
Ichiro Toyota steals 2nd base (no throw)
1-1: Intentional Walk
Batting: RHB Jason Keller 0-0: Ball
1-0: Called Strike
1-1: Foul Ball, location: 2F
1-2: Strikes out looking
Batting: RHB Joe Alley 0-0: Swinging Strike
0-1: Called Strike
0-2: Foul Ball, location: 2F
0-2: Ball
1-2: Strikes out swinging
Bottom of the 7th over - 0 runs, 1 hit, 0 errors, 2 left on base; Mississippi 2 - Springfield 4
TOP OF THE 8TH
Mississippi Braves batting - Pitching for Springfield Cardinals : RHP El-Shamy Saami
Pitching: RHP Matt Hamm
Now at 1B: John Parra
Now at 2B: Dave Cluster
Now at 3B: Josh Conner
Batting: RHB Ike Trout 0-0: Ball
1-0: Called Strike
1-1: Called Strike
1-2: Strikes out swinging
Pinch Hitting: SHB Bob Morales 0-0: Ball
1-0: Foul Ball, location: 2F
1-1: Ball
2-1: Swinging Strike
2-2: Foul Ball, location: 2F
2-2: Ball
3-2: Strikes out swinging
Pitching: LHP Sid DeSensi
Batting: LHB Colin Worthington 0-0: Called Strike
0-1: Foul Ball, location: 2F
0-2: Foul Ball, location: 2F
0-2: Ball
1-2: Ground out 5-3 (Groundball, 5L, EV 101.9 MPH)
Top of the 8th over - 0 runs, 0 hits, 0 errors, 0 left on base; Mississippi 2 - Springfield 4
BOTTOM OF THE 8TH
Springfield Cardinals batting - Pitching for Mississippi Braves : RHP Marko Martin
Pitching: RHP Ricky Rivera
Now in LF: Edgar Castillo
Now in CF: Bob Morales
Now in RF: Colin Worthington
Batting: RHB Daniel Samano 0-0: Ball
1-0: Called Strike
1-1: Ball
2-1: Called Strike
2-2: Foul Ball, location: 2F
2-2: Strikes out swinging
Batting: RHB Justin Reich 0-0: Called Strike
0-1: Ball
1-1: Ball
2-1: Ball
3-1: Base on Balls
Batting: LHB Yeong-hun Joe 0-0: Ball
1-0: Swinging Strike
1-1: Foul Ball, location: 2F
1-2: Fly out, F7 (Flyball, 7LS, EV 73.1 MPH)
Batting: SHB Josh Conner 0-0: SINGLE (Line Drive, 78M, EV 94.4 MPH)
Justin Reich to second
Runner from 2nd tries for 3rd, SAFE, throw by LF made to third
Batting: RHB John Parra 0-0: TRIPLE (Flyball, 78XD, EV 106.9 MPH)
Justin Reich scores
Josh Conner scores
Batting: LHB Ichiro Toyota 0-0: Ball
1-0: Ball
2-0: Ball
3-0: Base on Balls
Batting: LHB Tim Olsen 0-0: Ball
1-0: Ball
Wild Pitch!
John Parra scores
Ichiro Toyota to second
2-0: Called Strike
2-1: Ball
3-1: Base on Balls
Pitching: RHP Marvin Velasco
Batting: RHB Jason Keller 0-0: Ball
1-0: Ball
2-0: Ball
3-0: Called Strike
3-1: Base on Balls
Ichiro Toyota to third
Tim Olsen to second
Batting: RHB Dave Cluster 0-0: Foul Ball, location: 2F
0-1: Ball
1-1: Ball
2-1: Swinging Strike
2-2: Ground out U3 (Groundball, 34D, EV 84.4 MPH)
Bottom of the 8th over - 3 runs, 2 hits, 0 errors, 3 left on base; Mississippi 2 - Springfield 7
TOP OF THE 9TH
Mississippi Braves batting - Pitching for Springfield Cardinals : LHP Sid DeSensi
Batting: LHB Mark Buchholz 0-0: Called Strike
0-1: Called Strike
0-2: Fly out, F6 (Popup, 6, EV 81.2 MPH)
Pitching: RHP Jason Inman
Batting: RHB Sung-hwan Jung 0-0: Ball
1-0: Ball
2-0: Foul Ball, location: 2F
2-1: Foul Ball, location: 2F
2-2: Strikes out swinging
Batting: LHB Jose Chinchilla 0-0: Ground out 6-3 (Groundball, 6, EV 86.9 MPH)
Top of the 9th over - 0 runs, 0 hits, 0 errors, 0 left on base; Mississippi 2 - Springfield 7
Wednesday, June 22nd , 2022 - OOTP Baseball 23.4 Build 64